 Dungeon Crawl Stone Soup version 0.20.1-1-g8b1a95d (webtiles) character file.

303 Gremour the Archer (level 6, 0/35 HPs)
             Began as a Tengu Hunter on Nov 4, 2017.
             Succumbed to a worker ant's poison
             ... on level 4 of the Dungeon.
             The game lasted 00:19:07 (3186 turns).

Gremour the Archer (Tengu Hunter)                   Turns: 3186, Time: 00:19:07

Health: 0/35       AC:  4    Str: 18    XL:     6   Next: 38%
Magic:  16/16      EV: 12    Int: 11    God:
Gold:   155        SH:  0    Dex: 16    Spells: 5/5 levels left

rFire    . . .     SeeInvis .   a - +2 shortbow
rCold    . . .     Gourm    .   (shield currently unavailable)
rNeg     . . .     Faith    .   c - +1 leather armour
rPois    .         Spirit   .   (helmet restricted)
rElec    .         Reflect  .   (no cloak)
rCorr    .         Harm     .   (no gloves)
MR       .....                  (boots unavailable)
Stlth    +++.......             o - amulet of rage
Regen    0.2/turn               h - ring of magical power
MPRegen  0.2/turn               k - ring of stealth

@: mighty, lethally poisoned (0 -> -7)
A: beak, talons 3, able to fly 1
a: Fly, Evoke Berserk Rage


You were on level 4 of the Dungeon.
You were full.

You visited 1 branch of the dungeon, and saw 4 of its levels.

You collected 155 gold pieces.

Inventory:

Hand Weapons
 a - a +2 shortbow (weapon)
 b - a +0 short sword
Missiles
 d - 129 arrows (quivered)
 g - 18 poisoned needles
 i - 4 javelins of returning
Armour
 c - a +1 leather armour (worn)
Jewellery
 h - a ring of magical power (left hand)
 k - a ring of stealth (right hand)
 o - an amulet of rage (around neck)
 p - an uncursed ring of fire
Scrolls
 r - a scroll of remove curse
 t - 2 scrolls of noise {unknown}
 v - 2 scrolls of identify
 w - a scroll of teleportation {unknown}
 x - a scroll of random uselessness {unknown}
Potions
 l - a potion of ambrosia
 m - a potion of resistance {unknown}
 n - a potion of haste {unknown}
 q - a potion of cancellation
 s - a potion of brilliance {unknown}
 u - a potion of mutation {unknown}
Comestibles
 f - 4 bread rations
 j - 2 royal jellies


   Skills:
 - Level 2.1 Fighting
   Level 0.2 Axes
 + Level 8.1 Bows
 - Level 2.1 Dodging
 - Level 1.0 Stealth


You had 5 spell levels left.
You didn't know any spells.

Dungeon Overview and Level Annotations

Branches:
Dungeon (4/15)
 Temple: D:4-7

Altars:

Annotations:
D:4 Anon1729's ghost, amateur OpFE


Innate Abilities, Weirdness & Mutations

You have a beak for a mouth.
You have claws for feet.
You can fly.


Message History

Firing (i - inventory. (,) - cycle):
d - 131 arrows (quivered)
Press: ? - help, Shift-Dir - straight line, f/p - worker ant
Aim: a worker ant You shoot an arrow.
The arrow hits the worker ant.
The worker ant is moderately wounded.
The worker ant closely misses you.
Firing (i - inventory. (,) - cycle):
d - 130 arrows (quivered)
Press: ? - help, Shift-Dir - straight line, f/p - worker ant
Aim: a worker ant (moderately wounded)
You shoot an arrow. The arrow hits the worker ant.
The worker ant is heavily wounded.
You feel sick. The worker ant bites you.
* * * LOW HITPOINT WARNING * * *
The worker ant bites you!
* * * LOW HITPOINT WARNING * * *
It was a potion of cancellation.
You feel magically purged. The worker ant closely misses you.
It was a potion of might.
You feel very mighty all of a sudden.
You die...

.##...# #...........#
.....# ##...........#
# #..>#
#............# ..
##...# #.#........[##
...
#....####†.....#....#
..Z
#.........#######.#
.. #........## #.#
#.#.......<# #.#
#..<#..##.@# #.#
#.....#..##a(# #.#
#.........#..(#
####.#
#......##....##
#....#
........##>.#..#
#...#.##
###.....##...#.#
##..##..#
#.....###..#.##...#
##[# ......#
#..#.....# #.# .....
#.....### #.##


You could see a worker ant.

Vanquished Creatures
  A sky beast (D:3)
  A scorpion (D:4)
  A hound (D:4)
  A worker ant (D:4)
  A hound skeleton (D:4)
  3 adders
  An ooze (D:1)
  An adder skeleton (D:4)
  3 worms (D:2)
  2 dart slugs
  2 leopard geckos
  3 orcs (D:3)
  2 giant cockroaches (D:1)
  5 hobgoblins
  A jackal (D:4)
  4 kobolds
  A quokka (D:2)
  8 bats
  A frilled lizard (D:1)
  5 goblins
  8 rats
55 creatures vanquished.

Notes
Turn   | Place    | Note
-------+----------+-------------------------------------------
     0 | D:1      | Gremour the Tengu Hunter began the quest for the Orb.
     0 | D:1      | Reached XP level 1. HP: 12/12 MP: 2/2
   132 | D:1      | Reached XP level 2. HP: 11/17 MP: 3/3
   225 | D:1      | Reached skill level 5 in Bows
   410 | D:1      | Reached XP level 3. HP: 21/21 MP: 4/4
   910 | D:2      | HP: 1/21 [leopard gecko (1)]
   926 | D:2      | Reached XP level 4. HP: 15/26 MP: 5/5
  1121 | D:2      | Reached skill level 6 in Bows
  1879 | D:3      | Noticed a sky beast
  1888 | D:3      | Killed a sky beast
  1888 | D:3      | Reached skill level 7 in Bows
  1888 | D:3      | Gained mutation: You can fly. [Tengu growth]
  1888 | D:3      | Reached XP level 5. HP: 10/30 MP: 6/6
  2762 | D:4      | Reached XP level 6. HP: 14/35 MP: 7/7
  2813 | D:4      | Noticed Anon1729's ghost (amateur OpFE)
  3181 | D:4      | Reached skill level 8 in Bows
  3184 | D:4      | HP: 1/35 [worker ant (7)]
  3186 | D:4      | Succumbed to a worker ant's poison

Skill      XL: |  1  2  3  4  5  6 |
---------------+-------------------+-----
Bows           | 5 7 8 |  8.1
Fighting       | |  2.1
Axes           | |  0.2
Dodging        | |  2.1
Stealth        | |  1.0

Action                   |  1- 3 |  4- 6 || total
-------------------------+-------+-------++-------
Melee: Hand axe          |    56 |    10 ||    66
       Kick              |    11 |     3 ||    14
       Peck              |     4 |     3 ||     7
       Shortbow          |       |     2 ||     2
 Fire: Shortbow          |    39 |    77 ||   116
  Use: Scroll            |     3 |     2 ||     5
       Potion            |     1 |     2 ||     3
 Stab: Sleeping          |     2 |       ||     2
  Eat: Chunk             |       |     4 ||     4
       Royal jelly       |       |     1 ||     1
       Meat ration       |       |     1 ||     1
Armor: Leather armour    |    18 |     6 ||    24
Dodge: Dodged            |    47 |    30 ||    77
